Match 40968368
Unlisted

Match 40968368
End
Vickers Machine Gun Team
Construct Section Command Post
Selects Heavy Armor Battlegroup
Infantry Section
Dingo Light Scout Car
Infantry Section
Construct Field Infirmary
Selects Light Vehicle Withdraw and Refit
Light Vehicle Withdraw and Refit
Grenade Package
Royal Engineer Section
Selects Rigorous Vehicle Training
Construct Platoon Command Post
Unlock M3 Stuart Light Tanks
M3 Stuart Light Tank
Selects Forward Repair Assembly
Selects Radio Net
Selects Designate Targets
M3 Stuart Light Tank
Adamir@Magnum.CZ
PlammX
4-in-1 Petrol lawnmower
Рачок-добрячок
0
0

Comments sign in to comment!

No comments posted yet!